 Dungeon Crawl Stone Soup version 0.18.1-8-gdd0e5ea (webtiles) character file.

105 zeroDi the Sneak (level 4, 0/23 HPs)
             Began as a Vine Stalker Assassin on May 29, 2016.
             Hit by a goblin thrown by Robin (2 damage)
             ... on level 2 of the Dungeon.
             The game lasted 00:02:25 (1458 turns).

zeroDi the Sneak (Vine Stalker Assassin)            Turns: 1458, Time: 00:02:26

Health: 0/23       AC:  3    Str: 14    XL:     4   Next: 83%
Magic:  0/5        EV: 11    Int: 11    God:
Gold:   76         SH:  0    Dex: 16    Spells: 0 memorised, 3 levels left

rFire  . . .     SeeInvis .     a - +2 dagger
rCold  . . .     Gourm    .     c - +0 robe
rNeg   . . .     Faith    .     (no shield)
rPois  .         Spirit   +     (no helmet)
rElec  .         Dismiss  .     d - +0 cloak
rCorr  .         Reflect  .     (no gloves)
SustAt .         Harm     .     (no boots)
MR     .....                    (no amulet)
Stlth  +++.......               (no ring)
                                (no ring)

@: drained, not resistant to hostile enchantments, fairly stealthy
A: fangs 2, regeneration 1, magic shield, antimagic bite, no device heal 3, rot
immunity
a: no special abilities


You were on level 2 of the Dungeon.
You were not hungry.

You visited 1 branch of the dungeon, and saw 2 of its levels.

You collected 76 gold pieces.


Innate Abilities, Weirdness & Mutations

You have extremely sharp teeth.
Your natural rate of healing is unusually fast.
When hurt, damage is shared between your health and your magic reserves.
Your bite disrupts and absorbs the magic of your enemies.
Potions and wands cannot restore your health.
You are immune to rotting.


   Skills:
 - Level 1.7(1.6) Fighting
 + Level 4.4(4.2) Short Blades
 - Level 1.7(1.6) Throwing
 - Level 0.7(0.5) Dodging
 - Level 4.8(4.6) Stealth


You had 3 spell levels left.
You didn't know any spells.

Inventory:

Hand Weapons
 a - a +2 dagger (weapon)
 b - a +0 blowgun
Missiles
 e - 8 poisoned needles
 f - 2 curare-tipped needles {=f}
Armour
 c - a +0 robe (worn)
 d - a +0 cloak (worn)
Jewellery
 l - a +3 ring of intelligence {unknown}
Scrolls
 h - 4 scrolls of teleportation {unknown}
 j - a scroll of enchant weapon {unknown}
 m - 3 scrolls of identify {unknown}
 n - 3 scrolls of magic mapping {unknown}
 o - a scroll of blinking {unknown}
Potions
 i - a potion of haste {unknown}
 k - a potion of mutation {unknown}
Comestibles
 g - 3 bread rations
 p - a chunk of flesh

Dungeon Overview and Level Annotations

Branches:
Dungeon (2/15)

Altars:
Vehumet
Yredelemnul

Annotations:
D:2 Robin

####.###.#...####### ##.§.§..###
.........'.......... ....§.....
.###.###.#....###.# #........
###.###.#....### ###...<....
#.......#......# .......)...
.#...........##.##########'##'###
.............(.÷†...........)....
###......##.#..g....g...##.###...
#.........#...@g......##..##...
#####'#.#......g......##.......
#.#.#.............##....... #.#
#.......+#######....... #### #.#
#.......+ #....... ...# #.#
#.....).# #....... .#.# #.#
#.......# #.......
.#.####.#.........# #.......
##....#.#.........# .........


You could see Robin and 3 goblins.


Message History

The goblin hits you.
* * * LOW HITPOINT WARNING * * *
The goblin hits you.
* * * LOW HITPOINT WARNING * * *
The goblin hits you.
* * * LOW HITPOINT WARNING * * *
Robin throws the goblin at you! The goblin barely misses you.
You barely miss the goblin. You bite the goblin. You drain its power.
You feel invigorated.
The goblin is severely wounded.
The goblin hits you.
* * * LOW HITPOINT WARNING * * *
The goblin barely misses you. The goblin hits you with a dagger.
* * * LOW HITPOINT WARNING * * *
The goblin closely misses you. The goblin hits you but does no damage.
Robin roars a battlecry!
The goblins go into a battle-frenzy!
The goblin hits you with a dagger. Robin throws the goblin at you!
You die...

Action                   |  1- 3 |  4- 6 || total
-------------------------+-------+-------++-------
Melee: Dagger            |   113 |    58 ||   171
       Bite              |    27 |    13 ||    40
 Stab: Sleeping          |     8 |       ||     8
  Eat: Chunk             |     1 |     1 ||     2
Armor: Robe              |    21 |    12 ||    33
Dodge: Dodged            |    54 |    35 ||    89

Vault maps used:
D:1:      sevenhm_arrival_forest_fort_small_4, serial_bayou_pond_b,
          feat_on_display
D:2:      old_standard_altar, fiery_altar_vehumet, uniq_robin

Notes
Turn   | Place    | Note
--------------------------------------------------------------
     0 | D:1      | zeroDi the Vine Stalker Assassin began the quest for the Orb.
     0 | D:1      | Reached XP level 1. HP: 11/11 MP: 2/2
    26 | D:1      | Reached skill level 2 in Short Blades
   328 | D:1      | Reached XP level 2. HP: 15/15 MP: 3/3
   548 | D:1      | Reached skill level 3 in Short Blades
   647 | D:1      | Reached XP level 3. HP: 18/18 MP: 4/4
  1157 | D:2      | Found a basalt altar of Yredelemnul.
  1255 | D:2      | Reached XP level 4. HP: 8/23 MP: 3/5
  1329 | D:2      | Reached skill level 4 in Short Blades
  1412 | D:2      | Found a radiant altar of Vehumet.
  1415 | D:2      | Noticed Robin
  1452 | D:2      | HP: 2/23 [goblin[Robin] (2)]
  1458 | D:2      | Hit by a goblin thrown by Robin

Vanquished Creatures
  5 adders (D:2)
  2 oozes (D:1)
  A worm (D:2)
  3 giant geckos
  4 bats
  A giant cockroach (D:2)
  9 goblins
  9 hobgoblins
  2 kobolds
  A ball python (D:1)
  4 giant newts
  5 rats
46 creatures vanquished.
